 Dungeon Sprint DCSS version 0.29-a0-577-gafbf2c5d25 (webtiles) character file.

Game seed: 10905417922343197026

345 mhtbhm the Summoner (level 6, -2/28 HPs)
             Began as a Vine Stalker Summoner on June 14, 2022.
             Was an Elder of Sif Muna.
             Slain by a polar bear (15 damage)
             ... in the Dungeon (Sprint VII: "The Pits").
             The game lasted 00:04:39 (1161 turns).

mhtbhm the Summoner (Vine Stalker Summoner)         Turns: 1161, Time: 00:04:40

Health: -2/28      AC:  2    Str: 10    XL:     6   Next: 58%
Magic:  0/18       EV: 13    Int: 17    God:    Sif Muna [****..]
Gold:   0          SH:  0    Dex: 15    Spells: 9/22 levels left

rFire   . . .      SeeInvis .     - Unarmed
rCold   . . .      Faith    .   (no shield)
rNeg    . . .      Spirit   +   a - +0 robe
rPois   .          Reflect  .   (no helmet)
rElec   .          Harm     .   (no cloak)
rCorr   .          Rampage  .   (no gloves)
Will    .....      NoTele   +   (no boots)
Stlth   +++.......              (no amulet)
HPRegen 0.89/turn               (no ring)
MPRegen 0.16/turn               (no ring)

@: hasted, very quick
A: fangs 2, regeneration 1, magic shield, antimagic bite, no potion heal 2
a: Renounce Religion, Channel Magic, Forget Spell, Divine Exegesis


You were in the Dungeon.
You worshipped Sif Muna.
Sif Muna was greatly pleased with you.
You visited 1 branch

Inventory:

Armour
 a - a +0 robe (worn)
Scrolls
 f - a scroll of blinking
 h - 5 scrolls of amnesia
 i - a scroll of summoning
Potions
 b - 4 potions of magic
 c - 6 potions of curing
 e - 2 potions of berserk rage
 g - a potion of invisibility


   Skills:
 + Level 2.7 Dodging
 + Level 3.9 Stealth
 + Level 1.1 Unarmed Combat
 + Level 8.6 Spellcasting
 + Level 1.5 Hexes
 + Level 10.5 Summonings


You had 9 spell levels left.
You knew the following spells:

 Your Spells              Type           Power      Damage    Failure   Level
a - Summon Small Mammal   Summ           100%       N/A       1%          1
b - Call Imp              Summ           43%        N/A       1%          2
c - Call Canine Familiar  Summ           43%        N/A       1%          3
d - Summon Guardian Gole  Hex/Summ       27%        N/A       2%          3
e - Summon Lightning Spi  Summ/Air       25%        N/A       11%         4

Your spell library contained the following spells:

 Spells                   Type           Power      Damage    Failure   Level


Dungeon Overview and Level Annotations

Branches:
Dungeon (1/1)

Altars:
Ashenzari
Cheibriados
Dithmenos
Elyvilon
Fedhas
Gozag
Hepliaklqana
Kikubaaqudgha
Makhleb
Nemelex Xobeh
Okawaru
Qazlal
Ru
Sif Muna
Trog
Uskayaw
Vehumet
Wu Jian
Xom
Yredelemnul
Zin
The Shining One
Beogh
Jiyva
Lugonu


Innate Abilities, Weirdness & Mutations

You have extremely sharp teeth.
Your natural rate of healing is unusually fast.
When hurt, damage is shared between your health and your magic reserves.
Your bite disrupts and absorbs the magic of your enemies.
Potions cannot restore your health.


Message History

The polar bear bites your lightning spire.
The polar bear barely misses your lightning spire.
The polar bear claws your lightning spire but does no damage.
Your lightning spire shoots out a bolt of lightning at the polar bear!
The bolt of electricity hits the polar bear!
The polar bear goes berserk!
The polar bear bites your lightning spire but does no damage.
The polar bear claws your lightning spire but does no damage. x2
Attack: -) Nothing wielded
Press: ? - help, Dir - move target, f - you That would be overly suicidal.
Okay, then.
The polar bear bites your lightning spire!
The polar bear claws your lightning spire but does no damage.
The polar bear claws your lightning spire.
The polar bear bites your lightning spire!
The polar bear claws your lightning spire!
Your lightning spire is destroyed!
Your lightning spire disappears in a puff of smoke!
Unknown command.
The polar bear bites your guardian golem.
The polar bear barely misses your guardian golem.
The polar bear claws your guardian golem but does no damage.
Unknown command.
The polar bear bites your guardian golem!
The polar bear claws your guardian golem but does no damage.
The polar bear claws your guardian golem!
The polar bear bites your guardian golem!
Your guardian golem is destroyed!
Your guardian golem disappears in a puff of smoke!
Unknown command.
Casting: Summon Guardian Golem (dangerous; 2% risk of failure)
Confirm with . or Enter, or press ? or * to list all spells.
You don't have enough magic to cast this spell.
Casting: Summon Guardian Golem (dangerous; 2% risk of failure)
Confirm with . or Enter, or press ? or * to list all spells.
A beastly little devil appears in a puff of flame.
You feel yourself speed up. The polar bear bites you!
Ouch! That really hurt!
You die...

#.#.....#.!##.....
#.####'##'###...<.
#.#...)....##.....
#.#........##.....
#'###########.....
#..÷....# ######
#÷......#
#..÷#...#
#@h###..#+#
#5..#...#.+
#.......#'#
#.......'.#
###########


You could see a polar bear (berserk, ally target) and a friendly crimson imp
(summoned).

Vanquished Creatures
  A river rat (D)
1 creature vanquished.

Vanquished Creatures (collateral kills)
  Duvessa (D)
  An ice beast (D)
  A bullfrog (D)
  Dowan (D)
  3 adders (D)
  An ufetubus (D)
  A bat skeleton (D)
  A bat zombie (D)
  2 hobgoblins (D)
  2 jackals (D)
  A ball python (D)
  A rat (D)
16 creatures vanquished.

Vanquished Creatures (others)
  A gnoll (D)
1 creature vanquished.

Grand Total: 18 creatures vanquished

Notes
Turn   | Place    | Note
-------+----------+-------------------------------------------
     0 | D        | mhtbhm the Vine Stalker Summoner began the quest for the
                  | Orb.
     0 | D        | Reached XP level 1. HP: 9/9 MP: 4/4
    27 | D        | Reached skill level 5 in Summonings
    27 | D        | Reached XP level 2. HP: 13/13 MP: 2/6
    34 | D        | Found a bloodstained altar of Trog.
    34 | D        | Found a shimmering blue altar of Sif Muna.
    34 | D        | Found a viscous altar of Jiyva.
    34 | D        | Found a hazy altar of Hepliaklqana.
    34 | D        | Found an opulent altar of Gozag.
    35 | D        | Found a glowing golden altar of the Shining One.
    35 | D        | Found a glowing silver altar of Zin.
    35 | D        | Found a basalt altar of Yredelemnul.
    35 | D        | Found a shimmering altar of Xom.
    35 | D        | Found an ornate altar of the Wu Jian Council.
    35 | D        | Found a sacrificial altar of Ru.
    35 | D        | Found a stormy altar of Qazlal.
    35 | D        | Found an iron altar of Okawaru.
    35 | D        | Found a sparkling altar of Nemelex Xobeh.
    35 | D        | Found a burning altar of Makhleb.
    35 | D        | Found a blossoming altar of Fedhas.
    35 | D        | Found a white marble altar of Elyvilon.
    35 | D        | Found a shadowy altar of Dithmenos.
    35 | D        | Found a snail-covered altar of Cheibriados.
    37 | D        | Found a radiant altar of Vehumet.
    37 | D        | Found a corrupted altar of Lugonu.
    38 | D        | Found a hide-covered altar of Uskayaw.
    38 | D        | Found an ancient bone altar of Kikubaaqudgha.
    38 | D        | Found a broken altar of Ashenzari.
    40 | D        | Became a worshipper of Sif Muna the Loreminder
    78 | D        | Learned a level 2 spell: Call Imp
   109 | D        | Reached skill level 6 in Summonings
   109 | D        | Reached XP level 3. HP: 16/16 MP: 1/8
   196 | D        | Learned a level 3 spell: Call Canine Familiar
   202 | D        | Reached * piety under Sif Muna
   217 | D        | Noticed Duvessa
   217 | D        | Noticed Dowan
   220 | D        | Reached ** piety under Sif Muna
   533 | D        | Learned a level 3 spell: Summon Guardian Golem
   571 | D        | Killed Duvessa
   571 | D        | Killed Dowan
   572 | D        | Reached skill level 1 in Hexes
   572 | D        | Reached skill level 9 in Summonings
   572 | D        | Gained mutation: Your natural rate of healing is unusually
                  | fast. [Vine Stalker growth]
   572 | D        | Reached XP level 4. HP: 15/21 MP: 1/13
   572 | D        | Reached XP level 5. HP: 18/24 MP: 1/15
   827 | D        | Learned a level 4 spell: Summon Lightning Spire
   833 | D        | Noticed an ice beast
   835 | D        | Reached *** piety under Sif Muna
   841 | D        | Killed an ice beast
   842 | D        | Reached XP level 6. HP: 28/28 MP: 4/17
   843 | D        | Reached **** piety under Sif Muna
   844 | D        | Reached skill level 1 in Unarmed Combat
   844 | D        | Reached skill level 10 in Summonings
  1145 | D        | Noticed a polar bear
  1161 | D        | Slain by a polar bear

Illustrated notes

Levels and vault maps discovered:
D:        pitsprint [storerooms_1, entrance_room_1, metal_vault_1, armoury_1,
          mini_pit_1, grid_room_1, main_hall_1, silver_pit, the_coven_1,
          the_vestibule_1, steel_vault_4, golden_pit, hallway_of_sentries,
          crystal_vault_4, iron_vault_4, final_vault]

Skill      XL: |  1  2  3  4  5  6 |
---------------+-------------------+-----
Summonings     | 5 6 9 10 | 10.5
Dodging        | 2 |  2.7
Spellcasting   | 3 6 7 8 |  8.6
Stealth        | 3 |  3.9
Hexes          | 1 |  1.5
Unarmed Combat | 1 |  1.1

Action                   |  1- 3 |  4- 6 || total
-------------------------+-------+-------++-------
Melee: Unarmed           |     4 |       ||     4
       Bite              |     2 |       ||     2
 Cast: Summon Small Mamm |    10 |       ||    10
       Call Imp          |     6 |     2 ||     8
       Call Canine Famil |     3 |     1 ||     4
       Summon Guardian G |     2 |     2 ||     4
       Summon Lightning  |       |     3 ||     3
  Use: Potion            |     3 |     1 ||     4
Armor: Robe              |     2 |       ||     2
Dodge: Dodged            |     2 |     5 ||     7

Table legend: (Time is in decaauts)
 A = Elapsed time spent in this place.
 B = Non-inter-level travel time spent in this place.
 C = Inter-level travel time spent in this place.
 D = Time resting spent in this place.
 E = Time spent auto-exploring this place.
 F = Levels seen in this place.
 G = Mean time per level.
                   A        B        C        D        E       F      G
               +--------+--------+--------+--------+--------+-----+--------+
         Total |   1171 |   1171 |      0 |    855 |      0 |   1 | 1171.0 |
       Dungeon |   1171 |   1171 |      0 |    855 |      0 |   1 | 1171.0 |
               +--------+--------+--------+--------+--------+-----+--------+

Top non-repeatable levels by time:
       D: 1171 daAuts
